 Dungeon Crawl Stone Soup version 0.29-a0-319-gad05b8d819 (webtiles) character file.

Game seed: 10086663269303422879

2304 Murumi the Shield-Bearer (level 9, -1/69 HPs)
             Began as a Formicid Abyssal Knight on Apr 2, 2022.
             Was a High Priest of Lugonu.
             Slain by a vampire
             ... wielding a +2 vampiric halberd
              (10 damage)
             ... in a bailey.
             The game lasted 00:20:22 (6864 turns).

Murumi the Shield-Bearer (Formicid Abyssal Knight)  Turns: 6864, Time: 00:20:22

Health: -1/69      AC: 14    Str: 27    XL:     9   Next: 68%
Magic:  0/14       EV: 12    Int: 14    God:    Lugonu [*****.]
Gold:   385        SH: 10    Dex: 11    Spells: 9/12 levels left

rFire   . . .      SeeInvis +   q - +10 demon whip of Dried Tears {drain, *Noise Str+5 Int+4}
rCold   . . .      Faith    .   a - +1 kite shield
rNeg    . . .      Spirit   +   l - +0 chain mail {rPois}
rPois   +          Reflect  .   (helmet unavailable)
rElec   .          Harm     .   (no cloak)
rCorr   .          Rampage  .   i - +0 pair of gloves
Will    +....                   u - +2 pair of boots {Stlth+}
Stlth   ..........              t - amulet of guardian spirit
HPRegen 0.21/turn               s - +4 ring of evasion
MPRegen 0.14/turn               f - ring of willpower

@: mighty
A: permanent stasis, dig shafts and tunnels, antennae 3, four strong arms
a: Dig, Renounce Religion, Depart the Abyss, Bend Space, Banish, Corrupt, Enter
the Abyss


You were in a bailey.
You worshipped Lugonu.
Lugonu was extremely pleased with you.
You visited 1 branch of the dungeon, and saw 7 of its levels.
You visited the Abyss 1 time.
You also visited: Ossuary and Bailey.

You collected 385 gold pieces.

Inventory:

Hand Weapons
 c - a +0 morningstar
 q - the +10 demon whip of Dried Tears (weapon) {drain, *Noise Str+5 Int+4}
   (You acquired it in an ossuary)

   A truly terrible weapon, it drains the life of any living foe it strikes.
   Str:       It affects your strength (+5).
   Int:       It affects your intelligence (+4).
   *Noise:    It may make noises in combat.
Missiles
 h - 4 throwing nets
Armour
 a - a +1 kite shield (worn)
 i - a +0 pair of gloves (worn)
 l - a +0 chain mail of poison resistance (worn)
 u - a +2 pair of boots of stealth (worn)
Jewellery
 f - a ring of willpower (right hand)
 j - a ring of protection from cold
 k - a ring of protection from fire
 s - a +4 ring of evasion (left hand)
 t - an amulet of guardian spirit (around neck)
Scrolls
 m - a scroll of silence
 o - 2 scrolls of enchant weapon
Potions
 b - a potion of mutation
 d - a potion of flight
 e - a potion of curing
 g - a potion of invisibility
 n - 4 potions of attraction
 r - a potion of resistance
 x - a potion of brilliance {unknown}


   Skills:
 - Level 6.0 Fighting
 + Level 4.8 Maces & Flails
 - Level 5.0 Armour
 - Level 2.0 Dodging
 - Level 4.0 Stealth
 - Level 7.0 Shields
 - Level 2.0 Spellcasting
 - Level 2.0 Ice Magic
 - Level 7.0 Invocations


You had 9 spell levels left.
You knew the following spells:

 Your Spells              Type           Power      Damage    Failure   Level
a - Frozen Ramparts       Ice            14%        1d3       98%         3

Your spell library contained the following spells:

 Spells                   Type           Power      Damage    Failure   Level
 Freeze                   Ice            28%        1d5       77%         1
 Sandblast                Erth           2%         2d4       95%         1
 Shock                    Conj/Air       4%         1d3       95%         1
 Passwall                 Tmut/Erth      0%         N/A       99%         2
 Call Canine Familiar     Summ           1%         N/A       100%        3
 Gell's Gravitas          Tloc           1%         N/A       100%        3
 Inner Flame              Hex/Fire       1%         N/A       100%        3
 Lesser Beckoning         Tloc           1%         N/A       100%        3
 Portal Projectile        Hex/Tloc       2%         N/A       100%        3
 Stone Arrow              Conj/Erth      2%         3d7       100%        3
 Teleport Other           Tloc           1%         N/A       100%        3
 Airstrike                Air            0%         N/A       100%        4
 Cause Fear               Hex            0%         N/A       100%        4
 Hailstorm                Conj/Ice       4%         3d4       100%        4
 Leda's Liquefaction      Hex/Erth       0%         N/A       100%        4
 Discord                  Hex            0%         N/A       100%        8
 Swiftness                Air            Unusable   N/A       N/A         3

Dungeon Overview and Level Annotations

Branches:
Dungeon (7/15)            Ossuary (visited)          Bailey (1/1)
 Temple: D:4-7

Altars:
Elyvilon
Fedhas
Ru


Innate Abilities, Weirdness & Mutations

You cannot be hasted, slowed, berserked, paralysed or teleported.
You can dig through walls and to a lower floor.
You have a pair of large antennae on your head. (SInv)
Your four strong arms can wield two-handed weapons with a shield.


Message History

The vampire hits you with a +2 vampiric halberd!
The vampire bites you but does no damage.
You feel very mighty all of a sudden. You block the vampire's attack.
The vampire closely misses you.
You hit the vampire but do no damage.
The vampire is moderately damaged.
You block the vampire's attack. The vampire closely misses you.
You whack the vampire!
The vampire is severely damaged.
The vampire draws life force from you!
* * * LOW HITPOINT WARNING * * *
The vampire is healed by the life force!
You whack the vampire!
The vampire is almost destroyed.
The vampire casts a spell.
The vampire flickers and vanishes for a moment.
You completely miss the vampire.
The vampire is almost destroyed.
The vampire hits you with a +2 vampiric halberd!
* * * LOW HITPOINT WARNING * * *
The vampire draws strength from your wounds!
The vampire completely misses you.
You feel much better.
The vampire hits you with a +2 vampiric halberd.
* * * LOW HITPOINT WARNING * * *
You block the vampire's attack.
Okay, then.
Press: ? - help, v - describe, . - travel
Here: a vampire, wielding a +2 vampiric halberd and wearing a +0 chain mail (moderately damaged, slightly transparent)
The floor, spattered with blood.
Press: ? - help, v - describe, . - travel
Here: a vampire, wielding a +2 vampiric halberd and wearing a +0 chain mail (moderately damaged, slightly transparent)
The floor, spattered with blood.
You hit the vampire but do no damage.
The vampire is moderately damaged.
The vampire closely misses you. You block the vampire's attack.
You hit the vampire but do no damage.
The vampire is moderately damaged.
The vampire hits you with a +2 vampiric halberd!
You die...

#### #### #.... #### { {
#8.##..... ...# { #
#..#...# ...#+##..
#..'..# ........♣
#.V'..#
#........♣.♣..#.@#...#
..............#..##.....
..............#...##...8
#............##....#####
...♣........##......8#
..♣.....♣..##..)##...#
...♣.....)..#....##..#
....♣..♣....##....#..#
......).)....##...#..#


You could see a vampire (invisible).

Vanquished Creatures
  A gargoyle (Bailey)
  A steam dragon (D:6)
  A water moccasin (D:6)
  An ice beast (D:4)
  A black bear (D:5)
  2 centaurs
  2 ogres
  A phantom (D:6)
  A necrophage (D:5)
  A bullfrog (D:6)
  2 scorpions
  A gnoll sergeant (D:6)
  6 water moccasin zombies (Ossuary)
  An orc priest (D:4)
  4 iguanas
  2 orc wizards
  2 mummies (Ossuary)
  15 gnolls
  2 adders
  A white imp (D:6)
  2 ufetubi
  7 adder zombies (Ossuary)
  A worm (D:3)
  A dart slug (D:1)
  13 orcs
  7 endoplasms
  4 giant cockroaches
  7 goblins
  8 hobgoblins
  3 jackals (D:4)
  3 quokkas
  9 ball pythons
  3 bats
  6 frilled lizards
  3 gnoll zombies (Ossuary)
  7 hobgoblin zombies (Ossuary)
  2 kobolds
  5 kobold zombies (Ossuary)
  8 orc zombies
  A rat (D:1)
148 creatures vanquished.

Vanquished Creatures (others)
  2 plants (D:1)
2 creatures vanquished.

Grand Total: 150 creatures vanquished

Notes
Turn   | Place    | Note
-------+----------+-------------------------------------------
     0 | Abyss:1  | Murumi the Formicid Abyssal Knight began the quest for the
                  | Orb.
     0 | Abyss:1  | Reached XP level 1. HP: 18/18 MP: 2/2
    48 | D:1      | Escaped the Abyss
   110 | D:1      | Reached skill level 1 in Dodging
   294 | D:1      | Reached XP level 2. HP: 21/25 MP: 3/3
   764 | D:1      | Reached XP level 3. HP: 21/30 MP: 4/4
   985 | D:2      | Identified the +0 ring mail of Calculation {Rampage rF-
                  | Will+ SInv}
  1127 | D:2      | Reached *** piety under Lugonu
  1727 | D:2      | Reached skill level 1 in Shields
  1727 | D:2      | Reached XP level 4. HP: 33/37 MP: 6/6
  2305 | D:3      | Reached XP level 5. HP: 41/42 MP: 7/7
  2313 | D:3      | Reached skill level 1 in Stealth
  2383 | D:3      | Found a sacrificial altar of Ru.
  2910 | D:3      | Found a faded altar of an unknown god.
  3108 | D:4      | Found a sand-covered staircase.
  3118 | Ossuary  | Entered an ossuary
  3163 | Ossuary  | Reached XP level 6. HP: 33/48 MP: 9/9
  3164 | Ossuary  | Reached **** piety under Lugonu
  3337 | Ossuary  | Reached XP level 7. HP: 9/54 MP: 10/10
  3627 | Ossuary  | Reached skill level 5 in Shields
  3869 | Ossuary  | Identified a scroll of acquirement
  3869 | Ossuary  | Acquired the +10 demon whip of Dried Tears {drain, *Noise
                  | Str+5 Int+4}
  3995 | D:4      | Reached skill level 5 in Invocations
  4326 | D:4      | Found a blossoming altar of Fedhas.
  4350 | D:4      | Learned a level 3 spell: Frozen Ramparts
  4390 | D:4      | Reached XP level 8. HP: 60/60 MP: 11/11
  4421 | D:4      | Reached skill level 1 in Spellcasting
  4500 | D:4      | Found a white marble altar of Elyvilon.
  4745 | D:5      | Entered Level 5 of the Dungeon
  4751 | D:5      | Reached skill level 1 in Ice Magic
  4892 | D:5      | Acquired a +1 pair of boots of stealth
  5097 | D:5      | Reached ***** piety under Lugonu
  5118 | D:5      | Reached skill level 5 in Fighting
  5229 | D:5      | Reached skill level 5 in Armour
  5601 | D:6      | Reached XP level 9. HP: 63/68 MP: 13/13
  6479 | D:7      | Found a flagged portal.
  6500 | Bailey   | Entered a bailey
  6743 | Bailey   | Noticed a gargoyle
  6755 | Bailey   | Killed a gargoyle
  6861 | Bailey   | HP: 1/69 [vampire/+2 vampiric halberd (14)]
  6864 | Bailey   | Slain by a vampire

Illustrated notes

Levels and vault maps discovered:
D:1:      tarquinn_simple_flora_water_e, layout_basic
D:2:      layout_basic
D:3:      layout_loops_ring, nicolae_ru_path_of_blood,
          ebering_ecumenical_altar_webs
D:4:      layout_loops_ring, old_standard_altar, mainiacjoe_overflow_boulevard,
          nicolae_ossuary_entry_monument
D:5:      layout_basic, kennysheep_minor_cross
D:6:      layout_basic, nrook_mini_vaults
D:7:      layout_basic, tso_altar, grunt_gozag_breadcrumbs, temple_doors_e,
          enter_bailey_6
Bailey:   bailey_polearm_vampire_castle_hellmonk, bailey

Skill      XL: |  1  2  3  4  5  6  7  8  9 |
---------------+----------------------------+-----
Dodging        | 1 2 |  2.0
Fighting       | 4 5 6 |  6.0
Armour         | 3 4 5 |  5.0
Invocations    | 3 4 5 7 |  7.0
Shields        | 1 3 4 5 6 7 |  7.0
Stealth        | 2 3 4 |  4.0
Maces & Flails | 3 4 |  4.8
Spellcasting   | 2 |  2.0
Ice Magic      | 2 |  2.0

Action                   |  1- 3 |  4- 6 |  7- 9 || total
-------------------------+-------+-------+-------++-------
Melee: Mace              |    10 |       |       ||    10
       Whip              |    99 |    13 |       ||   112
       Flail             |       |   151 |    82 ||   233
       Demon whip        |       |       |   177 ||   177
Invok: Banish            |       |     1 |     1 ||     2
  Use: Scroll            |     4 |     5 |    17 ||    26
       Potion            |       |       |     2 ||     2
Armor: Ring mail         |    33 |    37 |    28 ||    98
       Chain mail        |       |       |    43 ||    43
Dodge: Dodged            |    48 |    63 |    56 ||   167
Block: Kite shield       |    38 |    78 |   101 ||   217

Table legend: (Time is in decaauts)
 A = Elapsed time spent in this place.
 B = Non-inter-level travel time spent in this place.
 C = Inter-level travel time spent in this place.
 D = Time resting spent in this place.
 E = Time spent auto-exploring this place.
 F = Levels seen in this place.
 G = Mean time per level.
                   A        B        C        D        E       F      G
               +--------+--------+--------+--------+--------+-----+--------+
         Total |   6983 |   6498 |    485 |     67 |   5027 |  10 |  698.3 |
       Dungeon |   5639 |   5154 |    485 |     36 |   4076 |   7 |  805.6 |
         Abyss |     48 |     48 |      0 |      0 |     37 |   1 |   48.0 |
       Ossuary |    931 |    931 |      0 |     28 |    638 |   1 |  931.0 |
        Bailey |    363 |    363 |      0 |      3 |    276 |   1 |  363.0 |
               +--------+--------+--------+--------+--------+-----+--------+

Top non-repeatable levels by time:
     D:2: 1183 daAuts
     D:1: 992 daAuts
 Ossuary: 931 daAuts
     D:3: 908 daAuts
     D:6: 892 daAuts
     D:4: 879 daAuts
     D:5: 708 daAuts
  Bailey: 363 daAuts
     D:7: 74 daAuts
 Abyss:1: 48 daAuts
